 Dungeon Crawl Stone Soup version 0.29-a0-700-g2f1814c7b2 (webtiles) character file.

Game seed: 17283540438679778414

67055 buhh the Sharpshooter (level 15, -9/103 HPs)
             Began as a Formicid Hunter on June 25, 2022.
             Was a Priest of Hepliaklqana.
             Mangled by a blink frog (10 damage)
             ... on level 3 of the Abyss.
             The game lasted 01:27:59 (28441 turns).

buhh the Sharpshooter (Formicid Hunter)            Turns: 28441, Time: 01:27:59

Health: -9/103     AC: 16    Str: 22    XL:     15   Next: 64%
Magic:  20/22      EV: 22    Int: 12    God:    Hepliaklqana [***...]
Gold:   1532       SH: 15    Dex: 31    Spells: 14/14 levels left

rFire   . . .      SeeInvis +   i - +5 arbalest
rCold   . . .      Faith    .   Z - +0 kite shield
rNeg    . . .      Spirit   .   I - +0 steam dragon scales
rPois   .          Reflect  .   (helmet unavailable)
rElec   .          Harm     .   c - +1 cloak
rCorr   .          Rampage  .   W - +0 pair of gloves of the Jolly Friars {-Tele Str+4 Int+4 Dex+2}
Will    ++...      Clarity  +   m - +0 pair of boots
Stlth   ++++++....              t - amulet of the acrobat
HPRegen 0.27/turn               H - +4 ring of protection
MPRegen 0.18/turn               G - +6 ring of dexterity

@: brilliant
A: reduced essence, permanent stasis, dig shafts and tunnels, antennae 3, four
strong arms, clarity, strong-willed 1
a: Dig, Shaft Self, Renounce Religion, Recall Ancestor, Ancestor Identity,
Transference


You were on level 3 of the Abyss.
You worshipped Hepliaklqana.
Hepliaklqana was most pleased with you.
You visited 3 branches of the dungeon, and saw 22 of its levels.
You visited the Abyss 1 time.

You collected 1532 gold pieces.

Inventory:

Hand Weapons
 i - a +5 arbalest (weapon)
Missiles
 A - 3 atropa-tipped darts
 M - a throwing net {!f}
Armour
 c - a +1 cloak (worn)
 m - a +0 pair of boots (worn)
 I - +0 steam dragon scales (worn)
 W - the +0 pair of gloves of the Jolly Friars (worn) {-Tele Str+4 Int+4 Dex+2}
   (You found it on level 1 of the Lair of Beasts)

   Str:       It affects your strength (+4).
   Int:       It affects your intelligence (+4).
   Dex:       It affects your dexterity (+2).
   -Tele:     It prevents most forms of teleportation.
 Z - a +0 kite shield (worn)
Magical Staves
 q - a staff of air
Jewellery
 a - a ring of willpower
 b - an amulet of regeneration
 d - a ring of positive energy
 e - an amulet of guardian spirit
 k - a ring of willpower
 l - a +6 ring of strength
 t - an amulet of the acrobat (around neck)
 u - a +6 ring of intelligence
 y - an amulet of magic regeneration
 E - a ring of protection from cold
 G - a +6 ring of dexterity (right hand)
 H - a +4 ring of protection (left hand)
 J - a ring of protection from fire
 L - a ring of poison resistance
 T - a +4 ring of evasion
Wands
 o - a wand of flame (50)
 r - a wand of polymorph (9)
 v - a wand of digging (22)
 z - a wand of mindburst (6)
 C - a wand of charming (21)
 Y - a wand of iceblast (7)
Scrolls
 p - 2 scrolls of noise
 w - 2 scrolls of silence {!r}
 P - 5 scrolls of magic mapping {!r!d}
 Q - 4 scrolls of fog
 R - 5 scrolls of torment
 X - 2 scrolls of amnesia
Potions
 f - 4 potions of might
 n - 3 potions of attraction {unknown}
 s - 2 potions of lignification {unknown}
 x - a potion of resistance {unknown}
 D - a potion of flight {unknown}
 K - 2 potions of brilliance {!q!d}
 N - 2 potions of curing {!q!d}
 S - a potion of invisibility {unknown}
 U - 4 potions of mutation {!d}
 V - 2 potions of cancellation {!q!d}
Miscellaneous
 F - a box of beasts (inert)


   Skills:
 - Level 10.0 Fighting
 - Level 16.0 Crossbows
 - Level 10.0 Armour
 - Level 10.1 Dodging
 - Level 11.3 Stealth
 - Level 10.0 Shields
 * Level 10.4 Invocations


You had 14 spell levels left.
You didn't know any spells.
Your spell library contained the following spells:

 Spells                   Type           Power      Damage    Failure   Level
 Apportation              Tloc           0%         N/A       52%         1
 Necrotize                Necr           0%         1d4       52%         1
 Scorch                   Fire           0%         2d5       67%         2
 Dazzling Flash           Conj/Hex       0%         N/A       88%         3
 Portal Projectile        Hex/Tloc       0%         N/A       88%         3
 Tukima's Dance           Hex            0%         N/A       88%         3
 Vampiric Draining        Necr           0%         2d6       88%         3
 Flame Wave               Conj/Fire      0%         2d4       99%         4
 Fulminant Prism          Conj/Hex       0%         3d6       99%         4
 Iskenderun's Mystic Bla  Conj/Tloc      0%         2d3       99%         4
 Petrify                  Tmut/Erth      0%         N/A       99%         4
 Agony                    Necr           0%         N/A       100%        5
 Alistair's Intoxication  Tmut/Pois      0%         N/A       100%        5
 Blade Hands              Tmut           0%         N/A       100%        5
 Borgnjor's Vile Clutch   Necr/Erth      0%         N/A       100%        5
 Irradiate                Conj/Tmut      0%         3d13      100%        5
 Lee's Rapid Deconstruct  Erth           0%         3d5*      100%        5
 Metabolic Englaciation   Hex/Ice        0%         N/A       100%        5
 Eringya's Noxious Bog    Tmut/Pois      0%         N/A       100%        6
 Starburst                Conj/Fire      0%         6d3       100%        6
 Statue Form              Tmut/Erth      0%         N/A       100%        6
 Summon Cactus Giant      Summ           0%         N/A       100%        6
 Dragon Form              Tmut           0%         N/A       100%        7
 Haunt                    Necr/Summ      0%         N/A       100%        7


Dungeon Overview and Level Annotations

Branches:
Dungeon (15/15) Zot: 23195  Temple (1/1) D:5 Zot: 5838    Lair (6/6) D:11 Zot: 25336
  Swamp (0/4) Lair:4       Spider (0/4) Lair:4        Slime (0/5) Lair:6
    Orc (0/2) D:10         Vaults (0/5) D:14
 Depths: D:15

Altars:
Ashenzari
Cheibriados
Dithmenos
Elyvilon
Fedhas
Gozag
Hepliaklqana
Kikubaaqudgha
Makhleb
Nemelex Xobeh
Okawaru
Qazlal
Ru
Sif Muna
Trog
Uskayaw
Vehumet
Wu Jian
Xom
Yredelemnul
Zin
The Shining One
Lugonu

Shops:
D:1 (   D:2 =   D:8 (   D:10 =

Annotations:
D:4 3 runed translucent doors, DocClef's ghost, amateur GnFi
D:11 2 runed translucent doors, exclusion: 2 doors, zhov's ghost, journeyman MiHu
D:15 Louise


Innate Abilities, Weirdness & Mutations

Your life essence is reduced to manifest your ancestor. (-10% HP)
You cannot be hasted, slowed, berserked, paralysed or teleported.
You can dig through walls and to a lower floor.
You have a pair of large antennae on your head. (SInv)
Your four strong arms can wield two-handed weapons with a shield.
You possess an exceptional clarity of mind.
You are strong-willed. (Will+)


Message History

You feel strong-willed.
Your thoughts seem clearer.
U - 4 potions of mutation;
m - a +0 pair of boots (worn)
Shoot: i) +5 arbalest
Press: ? - help, Q - select action, (/) - cycle Shift-Dir - straight line, f/p - smoke demon
Aim: a smoke demon (79% to hit)
You shoot a bolt. The bolt hits the smoke demon!!
The smoke demon is severely wounded.
The smoke demon gestures at you. You block the sticky flame.
The tentacled starspawn is engulfed in a cloud of scalding steam.
Shoot: i) +5 arbalest
Press: ? - help, Q - select action, (/) - cycle Shift-Dir - straight line, f/p - smoke demon
Aim: a smoke demon (steam, severely wounded, 79% to hit)
You shoot a bolt.
The bolt barely misses the tentacled starspawn.
The bolt hits the smoke demon but does no damage.
The smoke demon is severely wounded.
You hear a hideous shriek!
The tentacled starspawn is engulfed in a cloud of scalding steam.
The tentacled starspawn bites you!!
* * * LOW HITPOINT WARNING * * *
The tentacled starspawn completely misses you.
You hear a hideous shriek!
It was a potion of brilliance.
You feel clever all of a sudden.
K - 2 potions of brilliance;
s - 2 lumpy pink potions The blink frog misses you.
The tentacled starspawn is engulfed in a cloud of scalding steam.
The tentacled starspawn barely misses you.
The tentacled starspawn tentacle-slaps you.
* * * LOW HITPOINT WARNING * * *
The wretched star glows turbulently.
The lance of force hits you!
* * * LOW HITPOINT WARNING * * *
You are knocked back by the lance of force.
You slam into the stone wall!
* * * LOW HITPOINT WARNING * * *
The blink frog hits you!
You die...

...##§ 3.# .
## .. . ..#..
§.... .## # #
#.X.. ### ..#
.. .#.. #..
..#..#..##
..#.P.. #
#{#####X#{.#
.#..* # #..
..## ###.*.#
.{
.#....###.#..#
#.#
#####.#.#.#.#
# ###..3X@#
##..#F#..#
#.#......#
##.####F...#
### ..... {
.... { ##.


You could see a tentacled starspawn, a wretched star, a smoke demon and a blink
frog.

Vanquished Creatures
  Josephine (D:12)
  A centaur warrior (D:14)
  3 hydras
  A wretched star (Abyss:3)
  An orc knight (D:15)
  Pikel (D:7)
  2 ugly things (D:14)
  3 elephants (Lair:2)
  A smoke demon (Abyss:3)
  A gargoyle (D:12)
  Maggie (D:9)
  An unseen horror (shapeshifter) (D:13)
  An unseen horror (D:11)
  8 cane toads
  A large abomination (Abyss:3)
  4 komodo dragons
  A merfolk (shapeshifter) (Abyss:3)
  A troll (D:13)
  3 meliai
  A hornet (Lair:6)
  4 polar bears (Lair:6)
  3 raiju (Abyss:3)
  23 blink frogs
  3 slime creatures (D:15)
  5 dream sheep
  Sigmund (D:4)
  4 flying skulls (Abyss:3)
  2 hogs (D:13)
  10 spriggans (Lair:6)
  2 wyverns
  3 wraiths
  A shadow (D:12)
  A vampire (Abyss:3)
  14 yaks
  A redback (Lair:4)
  4 vampire mosquitoes (D:14)
  A naga (Lair:6)
  A hell hound (D:15)
  An acid dragon (D:11)
  9 water moccasins
  An ice beast (D:7)
  5 orc warriors
  2 sky beasts
  A black bear (Lair:3)
  17 wolves
  3 boggarts (Lair:6)
  A centaur (D:9)
  A kobold brigand (D:7)
  A lemure (D:6)
  3 phantoms
  7 bullfrogs
  A necrophage (D:6)
  A scorpion (D:6)
  3 wights
  6 killer bees
  A small abomination (Abyss:3)
  A jelly (D:7)
  2 howler monkeys (D:9)
  4 electric eels (Lair:5)
  4 lava snakes (Lair:5)
  5 hounds
  9 orc priests
  7 iguanas
  3 hell rats (Lair:3)
  A gnoll shaman (D:5)
  11 orc wizards
  21 gnolls
  6 adders
  2 ufetubi
  3 worms
  3 dart slugs
  41 orcs
  7 endoplasms
  4 giant cockroaches
  4 hobgoblins
  3 jackals
  4 quokkas
  7 ball pythons
  10 bats
  3 frilled lizards
  7 goblins
  7 kobolds
  10 rats
373 creatures vanquished.

Vanquished Creatures (collateral kills)
  Kirke (D:13)
  A hydra (D:15)
  2 boulder beetles
  A two-headed ogre (D:13)
  A catoblepas (Lair:5)
  An orc knight (D:12)
  2 deep elf pyromancers
  4 cyclopes
  2 manticores
  An orc sorcerer (D:15)
  2 ugly things (D:14)
  13 elephants
  Joseph (D:10)
  A black mamba (Lair:5)
  Maurice (D:9)
  9 cane toads
  A cane toad (shapeshifter) (D:15)
  2 kobold demonologists
  6 komodo dragons
  A troll (shapeshifter) (D:14)
  2 meliai
  5 polar bears
  4 trolls
  2 hornets
  12 blink frogs
  10 dream sheep
  A flying skull (Abyss:3)
  2 starcursed masses (Abyss:3)
  4 spriggans (Lair:6)
  2 wraiths
  16 yaks
  A basilisk (Lair:4)
  A hog (D:13)
  2 redbacks (Lair:4)
  3 vampire mosquitoes
  4 water moccasins
  An acid dragon (D:13)
  6 orc warriors
  A black bear (shapeshifter) (D:15)
  A black bear (Lair:6)
  2 boggarts (Lair:6)
  An ogre (D:12)
  5 wolves
  2 lemures (D:7)
  3 bullfrogs (Lair:2)
  3 gnoll sergeants
  2 wights (D:7)
  5 killer bees
  A howler monkey (D:12)
  2 electric eels (Lair:4)
  A gnoll shaman (D:9)
  An orc priest (D:10)
  Crazy Yiuf (D:7)
  2 orc wizards
  2 hell rats (Lair:3)
  6 gnolls
  6 orcs
178 creatures vanquished.

Vanquished Creatures (others)
  A polar bear (Lair:2)
  A flying skull (Abyss:3)
  8 knights
  2 ancestors (D:9)
  A bush (D:15)
  41 fungi
  61 plants
  5 starspawn tentacles (Abyss:3)
120 creatures vanquished.

Grand Total: 671 creatures vanquished

Notes
Turn   | Place    | Note
-------+----------+-------------------------------------------
     0 | D:1      | buhh the Formicid Hunter began the quest for the Orb.
     0 | D:1      | Reached XP level 1. HP: 16/16 MP: 1/1
    68 | D:1      | Found Jumoneju's Weapon Emporium.
    92 | D:1      | Reached XP level 2. HP: 23/23 MP: 2/2
   298 | D:1      | Reached XP level 3. HP: 28/28 MP: 3/3
  1034 | D:2      | Found Kyer's Jewellery Emporium.
  1039 | D:2      | Reached XP level 4. HP: 35/35 MP: 4/4
  1094 | D:2      | Reached skill level 5 in Crossbows
  1638 | D:3      | Reached XP level 5. HP: 34/41 MP: 5/5
  1697 | D:3      | Noticed a phantom
  1815 | D:3      | Noticed a phantom
  1828 | D:3      | Killed a phantom
  1923 | D:3      | Reached skill level 6 in Crossbows
  1947 | D:3      | Reached XP level 6. HP: 34/48 MP: 6/6
  2301 | D:3      | You fall into a shaft and drop 1 floor!
  2446 | D:4      | Found a runed translucent gate.
  2446 | D:4      | Found a runed translucent gate.
  2446 | D:4      | Found a runed translucent gate.
  2448 | D:4      | Noticed DocClef's ghost (amateur GnFi)
  2464 | D:4      | Noticed Sigmund
  2644 | D:3      | Reached XP level 7. HP: 55/55 MP: 7/7
  2717 | D:3      | Found a faded altar of an unknown god.
  3019 | D:4      | Killed Sigmund
  3020 | D:4      | Reached skill level 7 in Crossbows
  3249 | D:5      | Entered Level 5 of the Dungeon
  4592 | D:5      | Reached XP level 8. HP: 63/63 MP: 8/8
  4623 | D:5      | Reached skill level 8 in Crossbows
  5079 | D:5      | You fall into a shaft and drop 1 floor!
  6247 | D:6      | Found a sparkling altar of Nemelex Xobeh.
  6248 | D:6      | Found an opulent altar of Gozag.
  6319 | D:6      | Reached skill level 9 in Crossbows
  6846 | D:5      | Found a staircase to the Ecumenical Temple.
  6855 | Temple   | Entered the Ecumenical Temple
  6947 | Temple   | Became a worshipper of Hepliaklqana the Forgotten
  7028 | D:5      | You fall into a shaft and drop 1 floor!
  7308 | D:5      | Reached XP level 9. HP: 71/71 MP: 9/9
  8341 | D:7      | Noticed Pikel
  8388 | D:6      | You fall into a shaft and drop 3 floors!
  8423 | D:9      | Reached skill level 10 in Crossbows
  8673 | D:8      | Found Ymuolos's Weapon Shoppe.
  8729 | D:9      | Noticed Maurice
  9185 | D:7      | Found a snail-covered altar of Cheibriados.
  9201 | D:7      | Found an ornate altar of the Wu Jian Council.
  9204 | D:7      | Reached * piety under Hepliaklqana
  9542 | D:7      | Found a runed translucent door.
  9543 | D:7      | Noticed Crazy Yiuf
 10057 | D:7      | You fall into a shaft and drop 3 floors!
 10057 | D:10     | Entered Level 10 of the Dungeon
 10057 | D:10     | Found Syegahiu's Jewellery Shoppe.
 10532 | D:9      | You fall into a shaft and drop 1 floor!
 10944 | D:9      | Noticed Maggie
 10960 | D:9      | Killed Maggie
 10961 | D:9      | Reached XP level 10. HP: 51/73 MP: 6/10
 11280 | D:10     | Reached ** piety under Hepliaklqana
 11281 | D:10     | Remembered your ancestor Sigzil as a knight
 11295 | D:10     | Found a glowing golden altar of the Shining One.
 12141 | D:7      | Killed Pikel
 12199 | D:7      | Killed Crazy Yiuf
 12542 | D:9      | Killed Maurice
 12615 | D:9      | Reached skill level 11 in Stealth
 12918 | D:10     | Noticed Joseph
 12928 | D:10     | Killed Joseph
 12974 | D:10     | Noticed a kobold demonologist
 12983 | D:10     | Killed a kobold demonologist
 12984 | D:10     | Reached XP level 11. HP: 81/81 MP: 11/11
 13457 | D:10     | Found a staircase to the Orcish Mines.
 13807 | D:11     | Reached *** piety under Hepliaklqana
 13852 | D:11     | Found a large runed translucent door.
 13863 | D:11     | Found a large runed translucent door.
 13864 | D:11     | Noticed zhov's ghost (journeyman MiHu)
 14276 | D:11     | Found a staircase to the Lair.
 14626 | D:12     | Got the Collected Works on Stolen Souls
 14661 | D:12     | Noticed Josephine
 14672 | D:12     | Noticed a boulder beetle
 14675 | D:12     | Killed Josephine
 14809 | D:11     | You fall into a shaft and drop 3 floors!
 15013 | D:14     | Noticed a manticore
 15018 | D:14     | Killed a manticore
 15095 | D:14     | Noticed a centaur warrior
 15104 | D:14     | Killed a centaur warrior
 15105 | D:14     | Reached XP level 12. HP: 87/87 MP: 12/12
 15376 | D:13     | Noticed a two-headed ogre
 15396 | D:13     | Killed a two-headed ogre
 15563 | D:13     | Noticed a boulder beetle
 15864 | D:13     | Killed a boulder beetle
 15959 | D:13     | Noticed Kirke
 16285 | D:14     | You fall into a shaft and drop 1 floor!
 16285 | D:15     | Entered Level 15 of the Dungeon
 16560 | D:15     | Noticed a skeletal warrior
 16562 | D:15     | Noticed a skeletal warrior
 16562 | D:15     | Noticed a skeletal warrior
 16640 | D:13     | Reached **** piety under Hepliaklqana
 17137 | D:11     | Killed a boulder beetle
 17284 | Lair:1   | Entered Level 1 of the Lair of Beasts
 18178 | Lair:1   | Identified the +0 pair of gloves of the Jolly Friars {-Tele
                  | Str+4 Int+4 Dex+2}
 18456 | Lair:2   | Noticed a five-headed hydra
 18461 | Lair:2   | Killed a five-headed hydra
 18462 | Lair:2   | Reached XP level 13. HP: 92/92 MP: 14/19
 18468 | Lair:2   | Reached skill level 11 in Crossbows
 18991 | Lair:2   | Reached skill level 12 in Crossbows
 19626 | Lair:2   | Reached skill level 13 in Crossbows
 20564 | Lair:2   | Reached skill level 14 in Crossbows
 21763 | Lair:4   | Reached XP level 14. HP: 91/99 MP: 20/20
 21857 | Lair:4   | Found a staircase to the Swamp.
 21908 | Lair:4   | Reached skill level 15 in Crossbows
 22153 | Lair:4   | Found a hole to the Spider Nest.
 22502 | Lair:5   | Reached ***** piety under Hepliaklqana
 23696 | D:12     | Reached skill level 16 in Crossbows
 24934 | Lair:6   | Entered Level 6 of the Lair of Beasts
 25188 | Lair:6   | Found a staircase to the Slime Pits.
 25621 | Lair:6   | Noticed Urug
 25622 | Lair:6   | Noticed Urug
 25622 | Lair:6   | Urug changed into Urug the naga
 25626 | Lair:6   | Killed Urug the naga
 25949 | Lair:6   | Reached XP level 15. HP: 45/103 MP: 18/21
 26698 | D:13     | Found a corrupted altar of Lugonu.
 27063 | D:13     | Killed Kirke
 27400 | D:14     | Found a gate to the Vaults.
 27428 | D:14     | You fall into a shaft and drop 1 floor!
 28150 | D:15     | Noticed Louise
 28204 | Abyss:3  | Cast into level 3 of the Abyss (a wizard)
 28379 | Abyss:3  | Noticed a tentacled starspawn
 28438 | Abyss:3  | Gained mutation: You are strong-willed. (Will+) [potion of
                  | mutation]
 28438 | Abyss:3  | Gained mutation: You possess an exceptional clarity of
                  | mind. [potion of mutation]
 28441 | Abyss:3  | HP: 1/103 [stone wall collision (5)]
 28441 | Abyss:3  | Mangled by a blink frog

Illustrated notes

Levels and vault maps discovered:
D:1:      dpeg_arrival_more_subterranean_lakeside_camping, layout_loops_cross,
          serial_shops, nicolae_shop_bloodbath_and_beyond
D:2:      layout_loops_ring, serial_shops, nicolae_shop_statue_plus
D:3:      layout_rooms, ebering_ecumenical_altar_box
D:4:      layout_basic, gammafunk_ghost_nasty_kobolds, uniq_sigmund
D:5:      layout_gridville, minmay_temple_entry_glass
D:6:      layout_rooms, grunt_temple_overflow_opulence
D:7:      layout_gridville, mainiacjoe_overflow_large_starburst,
          chequers_serial_rivers_small_b, uniq_pikel, uniq_crazy_yiuf_cottage
D:8:      layout_basic, serial_shops, nicolae_stop_n_shop_2
D:9:      layout_cave_pools, enter_bailey_6, uniq_maurice, uniq_maggie
D:10:     layout_gridville, nicolae_tso_carved_into_rock, orc_0_dummy,
          serial_shops, nicolae_diamond_shop, uniq_joseph
D:11:     layout_loops_corners, lair_entry_dummy, ebering_ghost_disaster_area
D:12:     layout_roguey [special_room_orc], uniq_josephine
D:13:     layout_long_grid, tgw_lugonu_bribe, uniq_kirke
D:14:     minmay_spotlight, layout_basic, lightli_vaults_fourway_checkpoint
D:15:     hangedman_depths_entry_civil_slaughter, layout_rooms,
          grunt_decor_resistance, tgw_fedhas, uniq_azrael, uniq_louise
Temple:   minmay_temple_bridge_d
Lair:1:   layout_hall_layers, minmay_holes
Lair:2:   layout_regular_city, cheibrodos_lair_lostbears
Lair:3:   layout_hall_layers
Lair:4:   layout_cave_pods, minmay_swamp_entry_eels, spider_nest_entry_webs,
          guppyfry_lair_drakes
Lair:5:   layout_loops_ring, nicolae_lair_liquid_snakes
Lair:6:   minmay_lair_end_enchanted_forest, layout_gridlike, slime_entry_1,
          uniq_urug
Abyss:3:  base: Lair:2, evilmike_abyss_exit_13

Skill      XL: |  1  2  3  4  5  6  7  8  9 10 11 12 13 14 15 |
---------------+----------------------------------------------+-----
Fighting       | 3 4 5 6 8 10 | 10.0
Crossbows      | 5 6 7 9 10 14 16 | 16.0
Stealth        | 7 11 | 11.3
Dodging        | 3 9 10 | 10.1
Armour         | 4 6 10 | 10.0
Invocations    | 8 10 | 10.4
Shields        | 9 10 | 10.0

Action                   |  1- 3 |  4- 6 |  7- 9 | 10-12 | 13-15 || total
-------------------------+-------+-------+-------+-------+-------++-------
 Fire: Hand crossbow     |    57 |   155 |   494 |   533 |   536 ||  1775
       Arbalest          |       |       |       |       |   339 ||   339
Invok: Recall Ancestor   |       |       |     4 |     9 |    33 ||    46
       Ancestor Life: Kn |       |       |       |     1 |       ||     1
       Ancestor Identity |       |       |       |     1 |       ||     1
       Idealise          |       |       |       |     1 |    12 ||    13
       Transference      |       |       |       |       |     1 ||     1
 Abil: Dig               |     1 |     1 |     2 |       |     1 ||     5
       Shaft Self        |       |       |     5 |     2 |     1 ||     8
Evoke: Wand              |       |       |    18 |    10 |     7 ||    35
       Box of beasts     |       |       |       |       |     1 ||     1
  Use: Scroll            |     4 |     1 |     6 |     4 |    19 ||    34
       Potion            |       |       |     3 |     3 |     5 ||    11
Armor: Leather armour    |     9 |    15 |    38 |       |       ||    62
       Steam dragon scal |       |       |       |    30 |    89 ||   119
Dodge: Dodged            |    13 |    47 |   160 |   222 |   408 ||   850
Block: Kite shield       |       |       |       |       |   130 ||   130

Table legend: (Time is in decaauts)
 A = Elapsed time spent in this place.
 B = Non-inter-level travel time spent in this place.
 C = Inter-level travel time spent in this place.
 D = Time resting spent in this place.
 E = Time spent auto-exploring this place.
 F = Levels seen in this place.
 G = Mean time per level.
                   A        B        C        D        E       F      G
               +--------+--------+--------+--------+--------+-----+--------+
         Total |  28636 |  25863 |   2773 |   7883 |  12812 |  23 | 1245.0 |
       Dungeon |  20050 |  17995 |   2055 |   5569 |   8925 |  15 | 1336.7 |
        Temple |    161 |     63 |     98 |      0 |     59 |   1 |  161.0 |
          Lair |   8182 |   7562 |    620 |   2249 |   3824 |   6 | 1363.7 |
         Abyss |    241 |    241 |      0 |     65 |      3 |   1 |  241.0 |
               +--------+--------+--------+--------+--------+-----+--------+

Top non-repeatable levels by time:
     D:6: 2155 daAuts
     D:5: 1941 daAuts
    D:10: 1831 daAuts
     D:7: 1808 daAuts
    D:11: 1782 daAuts
  Lair:2: 1603 daAuts
  Lair:5: 1560 daAuts
  Lair:6: 1540 daAuts
     D:4: 1441 daAuts
  Lair:1: 1412 daAuts
    D:14: 1332 daAuts
  Lair:4: 1164 daAuts
    D:13: 1103 daAuts
     D:9: 1072 daAuts
    D:15: 1065 daAuts
